 Dungeon Crawl Stone Soup version 0.30-a0-121-gb27577e5d9 (webtiles) character file.

Game seed: 3062292276958009231

34339 ytrimaz the Thaumaturge (level 13, -10/103 HPs)
             Began as a Mummy Necromancer on Sept 14, 2022.
             Was a High Priest of Kikubaaqudgha.
             Killed from afar by a lindwurm (32 damage)
             ... with a blast of flame
             ... on level 5 of the Lair of Beasts.
             The game lasted 00:51:06 (27119 turns).

ytrimaz the Thaumaturge (Mummy Necromancer)        Turns: 27119, Time: 00:51:06

Health: -10/103    AC: 11    Str: 12    XL:     13   Next: 41%
Magic:  6/30       EV: 12    Int: 19    God:    Kikubaaqudgha [*****.]
Gold:   1171       SH:  0    Dex: 15    Spells: 7/38 levels left

rFire   . . .      SeeInvis .    d - +0 demon whip (venom)
rCold   + . .      Faith    +    (no shield)
rNeg    + + +      Spirit   .    A - +1 robe "Foxzim" {rF+ Dex+3}
rPois   ∞          Reflect  .    b - +2 helmet
rElec   .          Harm     .    u - +0 cloak
rCorr   .          Rampage  .    y - +2 pair of gloves
Will    +....                    i - +0 pair of boots
Stlth   ++........               (no amulet)
HPRegen 0.27/turn                (no ring)
MPRegen 0.22/turn                p - +4 ring of slaying

@: no status effects
A: cold resistance 1, negative energy resistance 3, torment resistance 2, heat
vulnerability 1, in touch with death 2, no potions, faith
a: Renounce Religion, Unearth Wretches, Torment


You were on level 5 of the Lair of Beasts.
You worshipped Kikubaaqudgha.
Kikubaaqudgha was extremely pleased with you.
You visited 4 branches of the dungeon, and saw 18 of its levels.
You also visited: Volcano.

You collected 1171 gold pieces.


Innate Abilities, Weirdness & Mutations

You are immune to poison.
Your flesh is cold resistant. (rC+)
You are immune to negative energy. (rN+++)
You are immune to unholy pain and torment.
You are vulnerable to heat. (rF-)
You are strongly in touch with the powers of death.
You do not drink.
You have a special connection with the divine. (Faith)


   Skills:
 - Level 10.0 Fighting
 - Level 12.0 Maces & Flails
 - Level 1.5 Dodging
 - Level 1.5 Stealth
 - Level 13.0 Spellcasting
 + Level 10.8 Necromancy
 + Level 4.9 Earth Magic


You had 7 spell levels left.
You knew the following spells:

 Your Spells              Type           Power      Damage    Failure   Level
a - Borgnjor's Vile Clut  Necr/Erth      38%        N/A       6%          5
b - Vampiric Draining     Necr           88%        2d12      1%          3
c - Dispel Undead         Necr           88%        3d28      1%          4
d - Agony                 Necr           88%        N/A       1%          5
e - Death Channel         Necr           44%        N/A       10%         6
f - Cigotuvi's Dreadful   Necr/Pois/Air  100%       N/A       1%          2
i - Simulacrum            Ice/Necr       32%        N/A       65%         6

Your spell library contained the following spells:

 Spells                   Type           Power      Damage    Failure   Level
 Necrotise                Necr           100%       1d9       1%          1
 Animate Dead             Necr           88%        N/A       1%          4
 Apportation              Tloc           24%        N/A       5%          1
 Magic Dart               Conj           48%        1d5       5%          1
 Summon Small Mammal      Summ           48%        N/A       5%          1
 Call Imp                 Summ           12%        N/A       9%          2
 Poisonous Vapours        Pois/Air       24%        N/A       9%          2
 Static Discharge         Conj/Air       24%        3-5/arc   9%          2
 Call Canine Familiar     Summ           12%        N/A       16%         3
 Confusing Touch          Hex            12%        N/A       16%         3
 Gell's Gravitas          Tloc           12%        N/A       16%         3
 Mephitic Cloud           Conj/Pois/Air  12%        N/A       16%         3
 Portal Projectile        Hex/Tloc       24%        N/A       16%         3
 Teleport Other           Tloc           12%        N/A       16%         3
 Tukima's Dance           Hex            12%        N/A       16%         3
 Leda's Liquefaction      Hex/Erth       10%        N/A       21%         4
 Passage of Golubria      Tloc           12%        N/A       47%         4
 Sticky Flame             Conj/Fire      12%        2d4       47%         4
 Yara's Violent Unravell  Hex/Tmut       6%         3d5       83%         5
 Dispersal                Tloc           6%         N/A       100%        6
 Enfeeble                 Hex            6%         N/A       100%        7

Inventory:

Hand Weapons
 d - a +0 demon whip of venom (weapon)
   (You took it off Amaemon on level 8 of the Dungeon)
Missiles
 e - 2 throwing nets
Armour
 b - a +2 helmet (worn)
   (You found it on level 1 of the Dungeon)
 i - a +0 pair of boots (worn)
   (You found it on level 4 of the Lair of Beasts)
 u - a +0 cloak (worn)
   (You found it on level 11 of the Dungeon)
 y - a +2 pair of gloves (worn)
   (You found it on level 1 of the Lair of Beasts)
 z - a +1 robe of cold resistance
   (You found it on level 1 of the Lair of Beasts)
 A - the +1 robe "Foxzim" (worn) {rF+ Dex+3}
   (You found it on level 4 of the Lair of Beasts)

   Dex:       It affects your dexterity (+3).
   rF:        It protects you from fire.
Jewellery
 j - a ring of ice
   (You found it on level 7 of the Dungeon)
 m - a +6 ring of dexterity
   (You found it on level 8 of the Dungeon)
 p - a +4 ring of slaying (right hand)
   (You found it on level 10 of the Dungeon)
 C - a ring of flight
   (You found it on level 4 of the Lair of Beasts)
Wands
 a - a wand of digging (7)
   (You found it on level 1 of the Lair of Beasts)
 c - a wand of flame (25)
   (You found it on level 5 of the Dungeon)
 k - a wand of mindburst (5)
   (You found it on level 3 of the Lair of Beasts)
 n - a wand of light (5)
   (You took it off Harold on level 10 of the Dungeon)
 w - a wand of roots (2)
   (You found it on level 11 of the Dungeon)
Scrolls
 f - a scroll of enchant armour
 g - 3 scrolls of amnesia
 h - 3 scrolls of vulnerability
 o - 3 scrolls of fog
 q - 3 scrolls of noise
 r - a scroll of brand weapon
 s - 2 scrolls of poison
 t - 2 scrolls of silence
 v - 5 scrolls of identify
 x - a scroll of teleportation
 B - a scroll of blinking

Dungeon Overview and Level Annotations

Branches:
Dungeon (11/15) Zot: 25098  Temple (1/1) D:6 Zot: 5956    Lair (5/5) D:10 Zot: 19453
  Swamp (0/4) Lair:3       Spider (1/4) Lair:3 Zot: 5998   Slime (0/5) Lair:4
Volcano (visited)
    Orc: D:9-12

Altars:
Ashenzari
Cheibriados
Dithmenos
Fedhas
Gozag
Hepliaklqana
Kikubaaqudgha
Makhleb
Nemelex Xobeh
Okawaru
Qazlal
Ru
Sif Muna
Trog
Uskayaw
Vehumet
Wu Jian
Xom
Yredelemnul
Jiyva
Lugonu

.. .. #.###
##.#..... ... .
....## ###.....
.k#. .#...#
##..... .k##...#.#
#...... #†.##..##
###..... #.†##...#
#.......
#..##.†...#
##...... ##
#.#..#### ##......
##@..#..##
#.#.....
##P.....####.....#
###.#~..# #.....P
###.~≈###....P.
####≈.≈≈≈##......
#≈≈#≈≈.≈≈##......
#≈≈≈≈≈.#≈≈#......
###≈≈~.≈≈≈#......
#≈.~..≈≈≈.......


You could see a lindwurm (catching breath, clutched).


Message History

The hell rat bites you! 😮 HP[-10]
You take 10 damage, and now have 74/103 hp.
Aiming: Borgnjor's Vile Clutch (dangerous; 6% risk of failure)
Press: ? - help, Q - select action, (/) - cycle Shift-Dir - straight line, f - hell rat
Aim: a hell rat (100% to hit)
You feel a strong surge of power!
Zombie hands grab the hell rat.
Zombie hands grab the hell rat. x2
The zombie hands constrict the hell rat!
The zombie hands constrict the hell rat. x2
The hell rat struggles to escape constriction.
The hell rat closely misses you.
The hell rat struggles to escape constriction.
Unknown command. 😮 MP[-5]
You lost 5 mp, and now have 12/30 mp.
Unknown command.
The zombie hands constrict the hell rat!!
You kill the hell rat!
Kikubaaqudgha accepts your kill.
The zombie hands constrict the hell rat! x2
The hell rat struggles to escape constriction. 😮 MP[+1]
The zombie hands constrict the hell rat!
You kill the hell rat!
Kikubaaqudgha accepts your kill.
You can now invoke torment.
The zombie hands constrict the hell rat.
You kill the hell rat!
Kikubaaqudgha accepts your kill. 😮 HP[+1] Unknown command.
Aiming: Borgnjor's Vile Clutch (dangerous; 6% risk of failure)
Press: ? - help, Q - select action, (/) - cycle Shift-Dir - straight line, f - komodo dragon
Aim: a komodo dragon (100% to hit)
You feel a strong surge of power!
Zombie hands grab the komodo dragon.
The zombie hands constrict the komodo dragon!
The komodo dragon bites you! 😮 HP[-15] MP[-4]
You take 15 damage, and now have 60/103 hp.
You lost 4 mp, and now have 9/30 mp.
Unknown command.
Unknown command.
Casting: Borgnjor's Vile Clutch (dangerous; 6% risk of failure)
Confirm with . or Enter, or press ? or * to list all spells.
Aiming: Vampiric Draining (safe; 1% risk of failure)
Press: ? - help, Shift-Dir - straight line, f/p - komodo dragon
Aim: a komodo dragon (moderately wounded, constricted by zombie hands)
You feel a strong surge of power!
You draw life force from the komodo dragon!!
You feel life coursing into your body!
The zombie hands constrict the komodo dragon!
The komodo dragon bites you!
Unknown command. 😮 HP[-5] MP[-3]
You take 5 damage, and now have 55/103 hp.
You lost 3 mp, and now have 6/30 mp.
Unknown command.
You barely miss the komodo dragon.
The zombie hands constrict the komodo dragon.
You kill the komodo dragon!
Kikubaaqudgha accepts your kill.
Unknown command.
You see here a blink frog corpse.
A lindwurm comes into view. 😮 HP[+4] MP[+3]
You regained 4 hp, and now have 59/103 hp.
You regained 3 mp, and now have 9/30 mp.
Unknown command.
A lindwurm is nearby!
A lindwurm is nearby! 😮 MP[+1]
The lindwurm roars!
You hear a bellow!
The lindwurm breathes flames at you. The blast of flame hits you!!!
* * * LOW HITPOINT WARNING * * *
Things that are here:
a komodo dragon corpse; a hell rat corpse 😱 HP[-38]
You take 38 damage, and now have 21/103 hp.
MASSIVE DAMAGE!! (PAUSE)
You start resting.
A lindwurm is nearby!
Aiming: Borgnjor's Vile Clutch (dangerous; 6% risk of failure)
Press: ? - help, Q - select action, (/) - cycle Shift-Dir - straight line, f - lindwurm
Aim: a lindwurm (100% to hit)
You feel a strong surge of power!
Zombie hands grab the lindwurm.
The zombie hands constrict the lindwurm!
The lindwurm struggles to escape constriction. 😱 HP[+1] MP[-4]
You lost 4 mp, and now have 6/30 mp.
Unknown command.
The zombie hands constrict the lindwurm!
The lindwurm breathes flames at you. The blast of flame hits you!!
You die...
Kikubaaqudgha rasps: "You have failed me!
Welcome... oblivion!"

Skill      XL: |  1  2  3  4  5  6  7  8  9 10 11 12 13 |
---------------+----------------------------------------+-----
Spellcasting   | 3 4 5 6 8 10 12 13 | 13.0
Fighting       | 1 2 3 4 5 7 9 10 | 10.0
Necromancy     | 5 6 7 8 10 | 10.8
Maces & Flails | 1 8 11 12 | 12.0
Earth Magic    | 2 4 |  4.9
Dodging        | |  1.5
Stealth        | |  1.5

Action                   |  1- 3 |  4- 6 |  7- 9 | 10-12 | 13-15 || total
-------------------------+-------+-------+-------+-------+-------++-------
Melee: Unarmed           |    14 |    18 |   103 |       |       ||   135
       Punch             |       |     1 |     4 |     4 |       ||     9
       Demon whip        |       |       |       |   155 |    85 ||   240
 Cast: Necrotise         |    63 |    85 |   128 |    45 |       ||   321
       Vampiric Draining |     1 |    14 |    72 |   199 |    14 ||   300
       Agony             |       |     1 |     5 |    30 |     1 ||    37
       Dispel Undead     |       |       |     9 |    12 |     2 ||    23
       Animate Dead      |       |       |     2 |     6 |       ||     8
       Borgnjor's Vile C |       |       |       |    64 |    37 ||   101
       Cigotuvi's Dreadf |       |       |       |     3 |     1 ||     4
       Death Channel     |       |       |       |     2 |     3 ||     5
Evoke: Wand              |       |       |    11 |     6 |       ||    17
  Use: Scroll            |     3 |     8 |     3 |    12 |     2 ||    28
Armor: Robe              |    26 |    20 |    50 |   107 |    53 ||   256
       Swamp dragon scal |       |       |       |     6 |       ||     6
Dodge: Dodged            |    36 |    60 |   201 |   242 |    82 ||   621

Levels and vault maps discovered:
D:1:      dpeg_arrival_castle, layout_basic,
          shapermc_ecumenical_altar_notcrosses, minmay_distorted
D:2:      layout_basic, kennysheep_potato, uniq_natasha
D:3:      layout_basic, mainiacjoe_overflow_alcove_2,
          nicolae_ru_sacrificial_ziggurat, mainiacjoe_overflow_alcove_4
D:4:      layout_loops_ring, uniq_robin
D:5:      layout_basic, xom_butterflies, lemuel_coloured_pillars_altar,
          kennysheep_mini, lemuel_round_altar, lemuel_round_altar
D:6:      layout_rooms, mainiacjoe_overflow_brackets, minmay_temple_entry_hall
D:7:      layout_basic, lemuel_crystal_altar,
          mainiacjoe_overflow_surrounded_room, enter_bailey_4
D:8:      layout_basic, serial_bayou_lagoon_b, uniq_grum, uniq_amaemon
D:9:      layout_basic, lemuel_doored_altar, kennysheep_generic_room_14
D:10:     minmay_goldmine, layout_stronghold, mainiacjoe_overflow_24_doors,
          mainiacjoe_overflow_chevrons, marbit_many_paths, lair_entry_dummy,
          uniq_psyche, uniq_harold, uniq_maggie
D:11:     layout_loops_ring, minmay_orc_entry_guard_dogs,
          minmay_guarded_unrand_finisher, uniq_urug
Temple:   corrupted_temple
Lair:1:   layout_cave_pods, serial_bayou_shore_b, grunt_megastairs_1
Lair:2:   layout_regular_city, chequers_serial_rivers_room_b, lemuel_fruit_tree
Lair:3:   layout_big_grid, palyth_hydra_swamp_entry, dummy_spider_entry,
          enter_volcano_2, nzn_sisyphean_effort
Lair:4:   layout_loops_ring, slime_entry_1, grunt_megastairs_5, uniq_kirke
Lair:5:   hellmonk_lair_end_abyssal_woods, layout_cellular_growth, st_stairs_7,
          small_statue_intersection, chequers_serial_rivers_small_b
Spider:1: layout_cave_pods, ebering_ghost_xom, nicolae_spider_eight_legs,
          uniq_nikola

Notes
Turn   | Place    | Note
-------+----------+-------------------------------------------
     0 | D:1      | ytrimaz the Mummy Necromancer began the quest for the Orb.
     0 | D:1      | Reached XP level 1. HP: 13/13 MP: 4/4
     0 | D:1      | magus.rc [v1.9.6]
    95 | D:1      | Reached skill level 3 in Spellcasting
   105 | D:1      | Reached XP level 2. HP: 14/20 MP: 0/6
   460 | D:1      | Found a faded altar of an unknown god.
   723 | D:1      | Reached skill level 1 in Fighting
   777 | D:1      | Gained mutation: You are in touch with the powers of death.
                  | [Mummy growth]
   777 | D:1      | Reached XP level 3. HP: 26/26 MP: 1/8
  1127 | D:1      | magus.rc [v1.9.6]
  1138 | D:2      | Learned a level 3 spell: Vampiric Draining
  1370 | D:2      | Reached skill level 4 in Spellcasting
  1753 | D:2      | Reached XP level 4. HP: 33/33 MP: 5/10
  1904 | D:2      | Noticed Natasha
  1912 | D:2      | Killed Natasha
  2265 | D:3      | Reached skill level 2 in Fighting
  2359 | D:3      | Found a sacrificial altar of Ru.
  2391 | D:3      | Reached skill level 5 in Spellcasting
  2391 | D:3      | Reached XP level 5. HP: 38/38 MP: 7/12
  2475 | D:3      | Found a snail-covered altar of Cheibriados.
  2592 | D:3      | Found an opulent altar of Gozag.
  3177 | D:4      | Noticed Robin
  3309 | D:4      | Killed Robin
  3601 | D:4      | Reached skill level 5 in Necromancy
  3601 | D:4      | Reached XP level 6. HP: 34/46 MP: 14/14
  3605 | D:4      | Reached skill level 6 in Spellcasting
  3935 | D:4      | Reached skill level 3 in Fighting
  3944 | D:4      | Learned a level 5 spell: Agony
  4327 | D:4      | Reached XP level 7. HP: 52/52 MP: 13/17
  4478 | D:4      | You add the spells Gell's Gravitas, Teleport Other and
                  | Dispersal to your library.
  4558 | D:5      | Entered Level 5 of the Dungeon
  4611 | D:5      | You pick up a book of Touch and begin reading...
  4611 | D:5      | You add the spells Static Discharge, Sticky Flame and
                  | Dispel Undead to your library.
  4635 | D:5      | Found a radiant altar of Vehumet.
  4661 | D:5      | Learned a level 4 spell: Dispel Undead
  4666 | D:5      | Learned a level 4 spell: Animate Dead
  4670 | D:5      | Found a shadowy altar of Dithmenos.
  4687 | D:5      | Reached skill level 7 in Spellcasting
  5091 | D:5      | Reached skill level 4 in Fighting
  5439 | D:5      | Found a shimmering altar of Xom.
  5463 | D:5      | Found a sparkling altar of Nemelex Xobeh.
  5640 | D:5      | Reached skill level 8 in Spellcasting
  5640 | D:5      | Reached skill level 6 in Necromancy
  5763 | D:5      | Reached XP level 8. HP: 54/61 MP: 15/20
  5835 | D:5      | Found an ornate altar of the Wu Jian Council.
  6515 | D:6      | Reached skill level 9 in Spellcasting
  6516 | D:6      | Found a stormy altar of Qazlal.
  6565 | D:6      | Reached skill level 5 in Fighting
  6936 | D:6      | Reached skill level 10 in Spellcasting
  6936 | D:6      | Reached skill level 7 in Necromancy
  7018 | D:6      | Reached XP level 9. HP: 44/69 MP: 5/23
  7029 | D:6      | HP: 7/69 [yak (13)]
  7470 | D:6      | You pick up a book of Vapours and begin reading...
  7470 | D:6      | You add the spells Poisonous Vapours and Cigotuvi's
                  | Dreadful Rot to your library.
  7482 | D:6      | Learned a level 2 spell: Cigotuvi's Dreadful Rot
  7537 | D:6      | Found a staircase to the Ecumenical Temple.
  7543 | Temple   | Entered the Ecumenical Temple
  7849 | D:7      | Reached skill level 6 in Fighting
  8025 | D:7      | Reached skill level 11 in Spellcasting
  8125 | D:7      | Found an ancient bone altar of Kikubaaqudgha.
  8180 | D:7      | HP: 7/69 [orc priest/divine providence (14)]
  8196 | D:7      | HP: 9/69 [orc priest/+0 club (2)]
  8521 | D:7      | Became a worshipper of Kikubaaqudgha
  8558 | D:7      | Found a shimmering blue altar of Sif Muna.
  9069 | D:7      | You pick up a book of Cantrips and begin reading...
  9069 | D:7      | You add the spells Summon Small Mammal and Apportation to
                  | your library.
  9264 | D:7      | You pick up a book of the Hunter and begin reading...
  9264 | D:7      | You add the spells Call Canine Familiar, Portal Projectile
                  | and Leda's Liquefaction to your library.
  9698 | D:8      | Noticed Amaemon
  9698 | D:8      | Noticed an orange demon
  9699 | D:8      | magus.rc [v1.9.6]
  9716 | D:8      | Killed an orange demon
  9717 | D:8      | Reached skill level 8 in Necromancy
  9718 | D:8      | Killed Amaemon
  9719 | D:8      | Reached skill level 7 in Fighting
  9719 | D:8      | Reached skill level 12 in Spellcasting
  9881 | D:8      | Reached XP level 10. HP: 74/79 MP: 11/26
 10017 | D:8      | magus.rc [v1.9.6]
 10292 | D:8      | Noticed Grum
 10299 | D:8      | Killed Grum
 10307 | D:8      | HP: 17/79 [wolf[Grum] (5)]
 10746 | D:8      | HP: 19/79 [steam dragon (6)]
 11149 | D:8      | Reached skill level 13 in Spellcasting
 11150 | D:8      | HP: 19/79 [electric eel/bolt of electricity (14)]
 11842 | D:9      | Reached * piety under Kikubaaqudgha
 11842 | D:9      | Received a gift from Kikubaaqudgha
 11980 | D:9      | Reached skill level 9 in Necromancy
 11985 | D:9      | Reached skill level 8 in Fighting
 12142 | D:9      | magus.rc [v1.9.6]
 12225 | D:9      | Found a blossoming altar of Fedhas.
 12872 | D:10     | Entered Level 10 of the Dungeon
 12904 | D:10     | Found a hazy altar of Hepliaklqana.
 12922 | D:10     | Noticed Harold
 12935 | D:10     | Killed Harold
 13127 | D:10     | Found a bloodstained altar of Trog.
 13257 | D:10     | Reached skill level 9 in Fighting
 13313 | D:10     | Your ally Harold died
 13665 | D:10     | Noticed Psyche
 13673 | D:10     | Killed Psyche
 13801 | D:10     | Noticed Maggie
 13811 | D:10     | Killed Maggie
 13812 | D:10     | Reached skill level 1 in Maces & Flails
 13812 | D:10     | Reached skill level 10 in Necromancy
 13916 | D:10     | Reached ** piety under Kikubaaqudgha
 14076 | D:10     | Noticed a rust devil
 14082 | D:10     | Reached XP level 11. HP: 89/89 MP: 11/28
 14195 | D:10     | Found a burning altar of Makhleb.
 14444 | D:10     | Found a staircase to the Lair.
 14698 | D:11     | Noticed a two-headed ogre
 14720 | D:11     | Killed a two-headed ogre
 14721 | D:11     | Reached skill level 2 in Maces & Flails
 14902 | D:11     | Noticed a two-headed ogre
 14933 | D:11     | Reached skill level 10 in Fighting
 15004 | D:11     | Noticed a green ugly thing
 15005 | D:11     | Noticed a white ugly thing
 15012 | D:11     | Killed a green ugly thing
 15013 | D:11     | Reached skill level 3 in Maces & Flails
 16016 | D:11     | Reached skill level 4 in Maces & Flails
 16310 | D:11     | Noticed a skeletal warrior
 16478 | Lair:1   | Entered Level 1 of the Lair of Beasts
 16872 | Lair:1   | Reached skill level 5 in Maces & Flails
 17103 | Lair:1   | Reached skill level 6 in Maces & Flails
 17354 | Lair:1   | Reached *** piety under Kikubaaqudgha
 17354 | Lair:1   | You add the spells Borgnjor's Vile Clutch, Death Channel
                  | and Simulacrum to your library.
 17354 | Lair:1   | Received a gift from Kikubaaqudgha
 17362 | Lair:1   | Learned a level 5 spell: Borgnjor's Vile Clutch
 17369 | Lair:1   | Learned a level 6 spell: Death Channel
 17376 | Lair:1   | Learned a level 6 spell: Simulacrum
 17497 | Lair:1   | Reached skill level 7 in Maces & Flails
 18853 | Lair:2   | Reached skill level 8 in Maces & Flails
 18872 | Lair:2   | Reached XP level 12. HP: 64/97 MP: 1/29
 19620 | Lair:2   | Reached skill level 1 in Earth Magic
 20239 | Lair:3   | Reached skill level 9 in Maces & Flails
 20353 | Lair:3   | Found a hole to the Spider Nest.
 20355 | Lair:3   | Noticed a catoblepas
 20381 | Lair:3   | Killed a catoblepas
 20542 | Lair:3   | Noticed a boulder beetle
 20550 | Lair:3   | Killed a boulder beetle
 20587 | Lair:3   | Found a dark tunnel.
 20597 | Volcano  | Entered a volcano
 20820 | Lair:3   | You add the spells Tukima's Dance, Passage of Golubria and
                  | Yara's Violent Unravelling to your library.
 20899 | Lair:3   | Noticed an eight-headed hydra
 20899 | Lair:3   | Noticed a six-headed hydra
 20923 | Lair:3   | Killed a six-headed hydra
 21000 | Lair:3   | Killed an eight-headed hydra
 21001 | Lair:3   | Reached skill level 10 in Maces & Flails
 21645 | Lair:3   | Found a staircase to the Swamp.
 21751 | Spider:1 | Entered Level 1 of the Spider Nest
 21861 | Lair:4   | magus.rc [v1.9.6]
 21871 | Lair:4   | Noticed a six-headed hydra
 22150 | Lair:4   | Killed a six-headed hydra
 22154 | Lair:4   | Reached **** piety under Kikubaaqudgha
 22327 | Lair:4   | HP: 11/97 [black mamba (14)]
 22330 | Lair:4   | Reached skill level 11 in Maces & Flails
 22738 | Lair:4   | Identified the +1 robe "Foxzim" {rF+ Dex+3}
 22960 | Lair:4   | Found a viscous altar of Jiyva.
 22961 | Lair:4   | Found a staircase to the Slime Pits.
 23007 | Lair:4   | magus.rc [v1.9.6]
 23167 | Lair:4   | You pick up a book of Minor Magic and begin reading...
 23167 | Lair:4   | You add the spells Magic Dart, Call Imp and Mephitic Cloud
                  | to your library.
 23240 | Lair:4   | Noticed Kirke
 23255 | Lair:4   | Killed Kirke
 23639 | Lair:5   | Entered Level 5 of the Lair of Beasts
 23965 | Lair:5   | Noticed a five-headed hydra
 23979 | Lair:5   | Killed a five-headed hydra
 23980 | Lair:5   | Reached skill level 2 in Earth Magic
 23980 | Lair:5   | Gained mutation: You are strongly in touch with the powers
                  | of death. [Mummy growth]
 23980 | Lair:5   | Reached XP level 13. HP: 103/103 MP: 11/30
 23988 | Lair:5   | HP: 20/103 [yak (9)]
 24451 | Lair:5   | HP: 20/103 [polar bear (16)]
 24778 | Lair:5   | Reached skill level 12 in Maces & Flails
 24965 | Lair:5   | Reached skill level 3 in Earth Magic
 25412 | Lair:5   | You pick up a book of Misfortune and begin reading...
 25412 | Lair:5   | You add the spells Confusing Touch and Enfeeble to your
                  | library.
 25685 | Lair:5   | magus.rc [v1.9.6]
 25745 | Lair:5   | Reached skill level 4 in Earth Magic
 26277 | Lair:5   | HP: 22/102 [blink frog (6)]
 27091 | Lair:5   | Reached ***** piety under Kikubaaqudgha
 27114 | Lair:5   | HP: 21/103 [lindwurm/blast of flame (39)]
 27119 | Lair:5   | Killed from afar by a lindwurm

Vanquished Creatures
  Kirke (Lair:4)
  5 hydras
  Harold (D:10)
  A catoblepas (Lair:3)
  A boulder beetle (Lair:3)
  A two-headed ogre (D:11)
  An ugly thing (D:11)
  7 black mambas
  3 elephants (Lair:2)
  A torpor snail (Lair:5)
  Maggie (D:10)
  Psyche (D:10)
  A kobold demonologist (D:10)
  6 cane toads
  5 komodo dragons
  A rime drake (Lair:3)
  An ancient zyme (Lair:5)
  2 polar bears (Lair:5)
  A troll (D:9)
  A hornet (D:8)
  4 dream sheep (Lair:1)
  A tyrant leech (Lair:3)
  20 blink frogs
  A hog (Lair:4)
  2 wyverns
  3 small abominations (Lair:5)
  39 yaks
  4 wraiths
  A basilisk (Lair:1)
  A steam dragon (D:8)
  A fire elemental (Lair:3)
  Grum (D:8)
  7 water moccasins
  An ice beast (D:7)
  6 orc warriors
  6 black bears
  4 centaurs (D:9)
  2 ogres
  3 wolves (D:8)
  A kobold brigand (D:8)
  2 phantoms (D:5)
  6 bullfrogs
  A scorpion (D:6)
  12 wights
  7 killer bees
  3 electric eels (D:8)
  7 orc priests
  5 hounds
  6 hell rats (Lair:5)
  2 iguanas
  Natasha (D:2)
  11 orc wizards
  Robin (D:4)
  4 gnolls (D:5)
  17 adders
  A shadow imp (D:6)
  2 white imps
  3 worms
  A dart slug (D:4)
  37 orcs
  8 ball pythons
  7 endoplasms
  2 giant cockroaches
  15 goblins
  4 hobgoblins
  7 jackals
  6 kobolds
  2 quokkas
  12 bats
  5 frilled lizards
  5 rats
352 creatures vanquished.

Vanquished Creatures (collateral kills)
  Amaemon (D:8)
  An orange demon (D:8)
  A troll (D:11)
  A blink frog (Lair:1)
  A yak (Lair:5)
  A necrophage (D:4)
  A dart slug (D:4)
  An orc (D:10)
  3 endoplasms
  2 goblins (D:1)
  A hobgoblin (D:1)
  A bat (D:1)
  A frilled lizard (D:1)
  2 butterflies (D:5)
18 creatures vanquished.

Vanquished Creatures (others)
  A two-headed ogre zombie (D:11)
  A human zombie (D:10)
  A yak zombie (D:6)
  An orc wizard (D:11)
  7 orc zombies
  34 fungi
  27 plants
72 creatures vanquished.

Grand Total: 442 creatures vanquished

Table legend:
 A = Non-vault XP
 B = Vault XP
 C = Vault XP percentage of total XP
 D = Non-vault monster count
 E = Vault monster count
 F = Vault count percentage of total count
                 A         B        C        D         E       F
            +---------+---------+-------+---------+---------+-------
      Total |   34776 |   14280 |  29.1 |     298 |      71 |  19.2
            +---------+---------+-------+---------+---------+-------
        D:1 |      42 |       6 |  12.5 |      27 |       3 |  10.0
        D:2 |      55 |      50 |  47.6 |      18 |       3 |  14.3
        D:3 |      74 |       3 |   3.9 |      17 |       2 |  10.5
        D:4 |     476 |      31 |   6.1 |      17 |       9 |  34.6
        D:5 |     966 |       0 |   0.0 |      22 |       0 |   0.0
        D:6 |    1421 |       0 |   0.0 |      22 |       0 |   0.0
        D:7 |    1066 |      12 |   1.1 |      22 |       5 |  18.5
        D:8 |    1141 |    1718 |  60.1 |      19 |       6 |  24.0
        D:9 |    1647 |       0 |   0.0 |      18 |       0 |   0.0
       D:10 |     471 |    2559 |  84.5 |      12 |      16 |  57.1
       D:11 |    2477 |     403 |  14.0 |      10 |       2 |  16.7
     Lair:1 |    4332 |    1082 |  20.0 |      17 |       5 |  22.7
     Lair:2 |    5022 |       0 |   0.0 |      16 |       0 |   0.0
     Lair:3 |    2567 |    3407 |  57.0 |       9 |       6 |  40.0
     Lair:4 |    3499 |    2448 |  41.2 |      13 |       3 |  18.8
     Lair:5 |    9520 |    2561 |  21.2 |      39 |      11 |  22.0
            +---------+---------+-------+---------+---------+-------

Illustrated notes

Table legend:
 A = Kills in this place as a percentage of kills in entire the game.
 B = Kills by you in this place as a percentage of kills by you in the entire game.
 C = Kills by friends in this place as a percentage of kills by friends in the entire game.
 D = Other kills in this place as a percentage of other kills in the entire game.
 E = Experience gained in this place as a percentage of experience gained in the entire game.
 F = Experience gained in this place divided by the number of levels of this place that you have seen.
                   A       B       C       D       E      F
               +-------+-------+-------+-------+-------+----------------------
         Total | 100.0 | 100.0 | 100.0 | 100.0 | 100.0 | 2581.9
       Dungeon |  67.8 |  66.8 |  87.5 | 100.0 |  29.8 | 1328.9
          Lair |  32.2 |  33.2 |  12.5 |   0.0 |  70.2 | 6887.6
               +-------+-------+-------+-------+-------+----------------------

Table legend: (Time is in decaauts)
 A = Elapsed time spent in this place.
 B = Non-inter-level travel time spent in this place.
 C = Inter-level travel time spent in this place.
 D = Time resting spent in this place.
 E = Time spent auto-exploring this place.
 F = Levels seen in this place.
 G = Mean time per level.
                   A        B        C        D        E       F      G
               +--------+--------+--------+--------+--------+-----+--------+
         Total |  27133 |  26177 |    956 |   3473 |  19358 |  19 | 1428.1 |
       Dungeon |  16504 |  15903 |    601 |   1434 |  12349 |  11 | 1500.4 |
        Temple |     43 |     31 |     12 |      0 |     22 |   1 |   43.0 |
          Lair |  10546 |  10203 |    343 |   2039 |   6956 |   5 | 2109.2 |
   Spider Nest |      1 |      1 |      0 |      0 |      0 |   1 |    1.0 |
       Volcano |     37 |     37 |      0 |      0 |     30 |   1 |   37.0 |
               +--------+--------+--------+--------+--------+-----+--------+

Top non-repeatable levels by time:
    D:10: 3048 daAuts
  Lair:5: 2566 daAuts
  Lair:1: 2323 daAuts
     D:8: 2302 daAuts
  Lair:4: 2293 daAuts
  Lair:3: 1952 daAuts
     D:5: 1655 daAuts
     D:7: 1620 daAuts
     D:6: 1510 daAuts
  Lair:2: 1410 daAuts
     D:4: 1334 daAuts
     D:9: 1199 daAuts
     D:1: 1136 daAuts
     D:2: 1116 daAuts
     D:3: 995 daAuts
